 Dungeon Crawl Stone Soup version 0.27-a0-797-g27d10ad80f (webtiles) character file.

Game seed: 5580060698194868606

103085 sahdkjhfkaj the Scorcher (level 15, -10/82 HPs)
             Began as a Deep Elf Conjurer on Mar 27, 2021.
             Was the Champion of Vehumet.
             Shot with an arrow by a deep elf archer (11 damage)
             ... on level 2 of the Elven Halls.
             The game lasted 00:55:59 (33656 turns).

sahdkjhfkaj the Scorcher (Deep Elf Conjurer)       Turns: 33656, Time: 00:55:59

Health: -10/82     AC:  8    Str:  6    XL:     15   Next: 88%
Magic:  37/45      EV: 17    Int: 33    God:    Vehumet [******]
Gold:   2066       SH:  0    Dex: 13    Spells: 9/44 levels left

rFire    . . .     SeeInvis .   a - staff of conjuration {!a}
rCold    . . .     Faith    .   (no shield)
rNeg     . . .     Spirit   .   W - +2 robe {Archmagi}
rPois    +         Reflect  .   o - +1 hat {Int+3}
rElec    .         Harm     .   (no cloak)
rCorr    .         Rampage  .   (no gloves)
Will     +++..                  v - +2 pair of boots of the Butterfly {Will++ Slay-5}
Stlth    ++........             p - amulet "Wirhur" {rPois Regen+ Str+4}
HPRegen  1.23/turn              m - ring of magical power
MPRegen  0.29/turn              s - +4 ring of evasion

@: no status effects
A: weak 1
a: Renounce Religion


You were on level 2 of the Elven Halls.
You worshipped Vehumet.
Vehumet was exalted by your worship.
You visited 6 branches of the dungeon, and saw 27 of its levels.
You also visited: Bailey and Ice Cave.

You collected 2514 gold pieces.
You spent 448 gold pieces at shops.

Inventory:

Missiles
 n - 75 poisoned darts
Armour
 o - a +1 hat of intelligence (worn)
 v - the +2 pair of boots of the Butterfly (worn) {Will++ Slay-5}
   (You found it on level 5 of the Lair of Beasts)

   It affects your accuracy and damage with ranged weapons and melee attacks
   (-5).
   It affects your willpower, your defense against some magical effects.
 W - a +2 robe of the Archmagi (worn)
Magical Staves
 a - a staff of conjuration (weapon) {!a}
Jewellery
 k - a ring of protection from cold
 m - a ring of magical power (left hand)
 p - the amulet "Wirhur" (around neck) {rPois Regen+ Str+4}
   (You found it on level 5 of the Lair of Beasts)

   [amulet of regeneration]

   It affects your strength (+4).
   It protects you from poison.
   It increases your rate of regeneration.
 s - a +4 ring of evasion (right hand)
Wands
 b - a wand of iceblast (32)
 i - a wand of polymorph (16)
 j - a wand of random effects (42)
 r - a wand of flame (27)
 u - a wand of mindburst (14)
 D - a wand of acid (14)
 G - a wand of paralysis (7)
Scrolls
 d - a scroll of summoning
 e - 3 scrolls of vulnerability
 t - 7 scrolls of teleportation {!d}
 w - 2 scrolls of brand weapon
 P - 2 scrolls of magic mapping {!r!d}
 Q - a scroll of fog
 R - 2 scrolls of torment
 T - 5 scrolls of immolation {!d}
 X - 6 scrolls of amnesia
 Z - 2 scrolls of enchant armour
Potions
 f - 2 potions of might
 h - 4 potions of attraction
 l - 2 potions of lignification {!d}
 x - a potion of resistance {unknown}
 z - 3 potions of mutation {unknown}
 B - 2 potions of ambrosia {unknown}
 H - 2 potions of invisibility {!q!d}
 J - 2 potions of magic {!q!d}
 K - 5 potions of brilliance {!q!d}
 N - 6 potions of curing {!q!d}
 O - 2 potions of haste {!q!d}
 V - a potion of cancellation {!q!d}
Miscellaneous
 g - a condenser vane
 q - a phantom mirror


   Skills:
 - Level 5.0 Fighting
 - Level 5.0 Dodging
 - Level 2.4 Stealth
 - Level 15.0 Spellcasting
 - Level 16.0 Conjurations
 - Level 11.0 Hexes
 - Level 4.0 Translocations
 + Level 17.5 Fire Magic
 - Level 9.0 Evocations


You had 9 spell levels left.
You knew the following spells:

 Your Spells              Type           Power      Damage    Failure   Level
a - Magic Dart            Conj           100%       1d8       0%          1
b - Searing Ray           Conj           100%       3d7       0%          2
c - Iskenderun's Mystic   Conj/Tloc      100%       2d19      1%          4
d - Starburst             Conj/Fire      70%        8x6d18    1%          6
e - Bolt of Magma         Conj/Fire/Erth 61%        4d24      1%          5
f - Fulminant Prism       Conj/Hex       65%        3d28      1%          4
y - Yara's Violent Unrav  Hex/Tmut       37%        3d15      1%          5
z - Apportation           Tloc           100%       N/A       1%          1
O - Ozocubu's Refrigerat  Ice            18%        4d8       96%         7

Your spell library contained the following spells:

 Spells                   Type           Power      Damage    Failure   Level
 Conjure Flame            Conj/Fire      100%       6-21      0%          3
 Dazzling Flash           Conj/Hex       100%       N/A       0%          3
 Animate Skeleton         Necr           74%        N/A       1%          1
 Corona                   Hex            100%       N/A       1%          1
 Freeze                   Ice            100%       1d11      1%          1
 Shock                    Conj/Air       100%       1d9       1%          1
 Summon Small Mammal      Summ           100%       N/A       1%          1
 Blink                    Tloc           N/A        N/A       1%          2
 Ensorcelled Hibernation  Hex/Ice        100%       N/A       1%          2
 Slow                     Hex            98%        N/A       1%          2
 Confusing Touch          Hex            98%        N/A       1%          3
 Frozen Ramparts          Ice            74%        1d9       1%          3
 Gell's Gravitas          Tloc           33%        N/A       1%          3
 Mephitic Cloud           Conj/Pois/Air  94%        N/A       1%          3
 Static Discharge         Conj/Air       100%       N/A       1%          3
 Summon Guardian Golem    Hex/Summ       75%        N/A       1%          3
 Tukima's Dance           Hex            98%        N/A       1%          3
 Hailstorm                Conj/Ice       100%       3d20      1%          4
 Lightning Bolt           Conj/Air       54%        1d75      1%          5
 Call Imp                 Summ           37%        N/A       2%          2
 Swiftness                Air            37%        N/A       2%          2
 Call Canine Familiar     Summ           37%        N/A       4%          3
 Ozocubu's Armour         Ice            37%        N/A       4%          3
 Airstrike                Air            18%        N/A       4%          4
 Metabolic Englaciation   Hex/Ice        37%        N/A       4%          5
 Petrify                  Tmut/Erth      37%        N/A       17%         4
 Summon Ice Beast         Ice/Summ       37%        N/A       17%         4
 Summon Lightning Spire   Summ/Air       37%        N/A       17%         4


Dungeon Overview and Level Annotations

Branches:
Dungeon (15/15)            Temple (1/1) D:5            Lair (6/6) D:8
 Shoals (0/4) Lair:4       Spider (1/4) Lair:3          Orc (2/2) D:11
    Elf (2/3) Orc:2        Vaults (0/5) D:13         Bailey (visited)
  IceCv (visited)
  Slime: Lair:5-6    Depths: D:15

Altars:
Ashenzari
Cheibriados
Dithmenos
Elyvilon
Fedhas
Gozag
Hepliaklqana
Kikubaaqudgha
Makhleb
Nemelex Xobeh
Okawaru
Qazlal
Ru
Sif Muna
Trog
Uskayaw
Vehumet
Wu Jian
Xom
Yredelemnul
Zin
The Shining One
Beogh

Shops:
D:11 *   Orc:2 =!([   Elf:1 ?

Portals:
Trove: Elf:1 (give 16 potions of curing)

Annotations:
D:6 staff of earth
D:7 2 transporters, jasper's ghost, novice DjFE
D:14 Roxanne
D:15 exclusion: door
Orc:1 2 transporters
Elf:1 1 runed translucent door, Fuonemn's ghost, veteran DDBe


Innate Abilities, Weirdness & Mutations

You are weak. (Str -2)


Message History

The arrow misses you. The +2 short sword of venom hits you!
There is a stone staircase leading up, spattered with blood here.
You take 14 damage, and have 68/82 hp.
Unknown command.
Unknown command.
Casting: Searing Ray (safe; 0% risk of failure)
Confirm with . or Enter, or press ? or * to list all spells.
You feel a strong surge of power!
You erupt in a blast of force!
The mystic blast hits the +2 short sword of venom!!
The +2 short sword of venom falls from the air.
Vehumet accepts your kill.
The deep elf archer shoots an arrow.
The arrow hits you!
Unknown command.
You take 10 damage, and have 58/82 hp.
Unknown command.
Casting: Iskenderun's Mystic Blast (safe; 1% risk of failure)
Confirm with . or Enter, or press ? or * to list all spells.
You feel a strong surge of power!
You erupt in a blast of force!
The mystic blast hits the deep elf zephyrmancer!!
The deep elf zephyrmancer is severely wounded.
The deep elf zephyrmancer is knocked back by the mystic blast.
You hear a shout!
The deep elf zephyrmancer casts a spell at you.
The bolt of lightning hits you!!
The deep elf archer shoots an arrow.
The arrow hits you!!
* * * LOW HITPOINT WARNING * * *
Unknown command.
Low HP: Be careful! (Y or N to confirm.) [Y]es or [N]o only, please.
Low HP: Be careful! (Y or N to confirm.) [Y]es or [N]o only, please.
Low HP: Be careful! (Y or N to confirm.) Consider to using tele/blink, potion or other emergency measures......
You take 42 damage, and have 16/82 hp.
Unknown command.
The deep elf zephyrmancer casts a spell at you.
The bolt of lightning hits you!
* * * LOW HITPOINT WARNING * * *
The deep elf archer shoots an arrow.
The arrow hits you!
You die...

#. #..#.)# #..#..# #
#..#..# #..#..# #.ยง#..#
#..#..# #..#..#
#..#..######### #.(#...
#..#...<....... #..#
#..#...........
#..##########..###'######+#
#...........).............
#......e....@....e........
##########################


You could see a deep elf archer (repels missiles) and a deep elf zephyrmancer.

Vanquished Creatures
  Kirke (Lair:4)
  2 orc warlords
  A deep elf elementalist (Elf:1)
  A war gargoyle (D:11)
  2 deep elf demonologists
  The ghost of gregwegmann the Grappler, a journeyman TrFi of Makhleb (D:11)
  A deep elf high priest (Elf:1)
  5 vault guards (Elf:1)
  10 hydras
  Erolcha (D:13)
  2 ogre magi (Orc:2)
  5 dancing weapons
  3 centaur warriors
  6 death yaks (Lair:4)
  3 catoblepae
  A satyr (shapeshifter) (Elf:1)
  A tengu warrior (D:15)
  2 deep elf knights
  3 orc high priests
  Urug (D:13)
  4 two-headed ogres
  Nergalle (Orc:2)
  2 wizards
  Pikel (D:5)
  4 deep elf archers (Elf:1)
  A necromancer (IceCv)
  9 orc sorcerers
  13 deep elf pyromancers
  9 deep elf zephyrmancers (Elf:1)
  2 orc knights
  A harpy (shapeshifter) (Elf:1)
  2 ugly things
  4 cyclopes
  A cyclops (shapeshifter) (D:13)
  4 manticores
  An ice statue (IceCv)
  5 black mambas
  Joseph (D:7)
  A torpor snail (Lair:1)
  2 merfolk sirens (Lair:4)
  5 centaur zombies
  A rime drake (Lair:3)
  6 cane toads
  An efreet (D:15)
  11 freezing wraiths
  2 kobold demonologists (D:14)
  5 komodo dragons
  2 jumping spiders (Lair:3)
  4 trolls
  2 merfolk (Lair:4)
  A troll (shapeshifter) (D:14)
  3 meliai (D:15)
  6 slime creatures
  10 dream sheep
  14 blink frogs
  An air elemental (Elf:1)
  3 shadows (D:11)
  7 wyverns
  A vampire (D:11)
  A redback (shapeshifter) (Elf:1)
  3 wraiths
  3 fire elementals (Elf:1)
  34 yaks
  4 hogs (Lair:4)
  4 basilisks
  A death yak simulacrum (IceCv)
  2 steam dragons
  6 wargs
  14 vampire mosquitoes
  2 acid dragons
  10 water moccasins
  16 ice beasts
  A sky beast (D:5)
  19 orc warriors
  3 black bears
  A necrophage (D:7)
  5 centaurs
  4 ogres
  19 wolves
  3 lemures (D:5)
  11 bullfrogs
  An earth elemental (Elf:1)
  A kobold brigand (D:9)
  A gnoll sergeant (D:8)
  3 scorpions
  A troll zombie (D:11)
  8 wights
  5 killer bees (D:10)
  3 electric eels
  6 draconian simulacra (IceCv)
  A bullfrog zombie (D:6)
  A hound (D:5)
  2 jellies (D:6)
  A bullfrog skeleton (D:6)
  9 orc priests
  A gnoll shaman (D:7)
  A centaur skeleton (D:6)
  2 iguanas (D:6)
  35 orc wizards
  A polar bear simulacrum (IceCv)
  A spriggan simulacrum (IceCv)
  3 troll simulacra (IceCv)
  2 wolf simulacra (IceCv)
  A killer bee zombie (D:7)
  3 centaur simulacra (IceCv)
  5 ogre zombies (D:11)
  A howler monkey zombie (D:9)
  Robin (D:2)
  6 gnolls
  A howler monkey skeleton (D:6)
  4 naga simulacra (IceCv)
  11 adders
  3 ogre simulacra (IceCv)
  A shadow imp (D:6)
  12 white imps (IceCv)
  2 ufetubi
  3 dart slugs
  4 worms
  53 orcs
  8 endoplasms
  4 giant cockroaches
  18 goblins
  6 hobgoblins
  3 jackals (D:4)
  15 kobolds
  3 quokkas
  10 ball pythons
  5 bats
  2 frilled lizards
  2 goblin skeletons (D:11)
  3 goblin zombies (D:11)
  6 hobgoblin zombies (D:11)
  An orc skeleton (D:11)
  7 orc zombies (D:11)
  7 rats
  A spectral orc (D:7)
  A butterfly (Lair:3)
  A fulminant prism (Lair:2)
674 creatures vanquished.

Vanquished Creatures (others)
  A black mamba (Lair:6)
  A human (Lair:4)
  A gnoll (D:7)
  An orc (Orc:2)
  108 fulminant prisms
  40 fungi
  39 plants
191 creatures vanquished.

Grand Total: 865 creatures vanquished

Notes
Turn   | Place    | Note
-------+----------+-------------------------------------------
     0 | D:1      | sahdkjhfkaj the Deep Elf Conjurer began the quest for the
                  | Orb.
     0 | D:1      | Reached XP level 1. HP: 10/10 MP: 6/6
   277 | D:1      | Reached XP level 2. HP: 15/15 MP: 5/8
   584 | D:1      | Found a white marble altar of Elyvilon.
   984 | D:2      | Learned a level 2 spell: Searing Ray
  1050 | D:2      | Reached XP level 3. HP: 19/19 MP: 8/10
  1068 | D:2      | Noticed Robin
  1076 | D:2      | Killed Robin
  1437 | D:2      | Found a stormy altar of Qazlal.
  1519 | D:2      | Found a white marble altar of Elyvilon.
  1931 | D:2      | Reached XP level 4. HP: 24/24 MP: 9/12
  2434 | D:3      | Reached XP level 5. HP: 6/28 MP: 3/13
  2735 | D:3      | Learned a level 4 spell: Fulminant Prism
  4451 | D:4      | Noticed a black bear
  4455 | D:4      | Killed a black bear
  4456 | D:4      | Reached XP level 6. HP: 32/32 MP: 8/14
  4758 | D:5      | Entered Level 5 of the Dungeon
  5097 | D:5      | Found a staircase to the Ecumenical Temple.
  5104 | Temple   | Entered the Ecumenical Temple
  5163 | Temple   | Became a worshipper of Vehumet
  5181 | D:5      | Noticed a sky beast
  5189 | D:5      | Killed a sky beast
  5190 | D:5      | Reached XP level 7. HP: 36/36 MP: 9/17
  5262 | D:5      | Noticed Pikel
  5638 | D:5      | Found a shimmering blue altar of Sif Muna.
  5685 | D:5      | Killed Pikel
  6122 | D:5      | Reached XP level 8. HP: 41/41 MP: 16/20
  7201 | D:6      | Noticed a troll
  7354 | D:6      | Found a blossoming altar of Fedhas.
  7354 | D:6      | Found a burning altar of Makhleb.
  7527 | D:6      | Identified a scroll of acquirement
  7661 | D:6      | Acquired a staff of conjuration
  8344 | D:6      | Killed a troll
  8345 | D:6      | Reached XP level 9. HP: 45/45 MP: 16/24
  8564 | D:6      | Found a burning altar of Makhleb.
  8566 | D:6      | Found a blossoming altar of Fedhas.
  8708 | D:6      | Learned a level 4 spell: Iskenderun's Mystic Blast
  8938 | D:7      | Noticed jasper's ghost (novice DjFE)
  8996 | D:7      | Found a transporter.
  8999 | D:7      | Found a transporter.
  9195 | D:7      | Reached * piety under Vehumet
  9195 | D:7      | Offered knowledge of Foxfire by Vehumet.
  9268 | D:7      | Found a basalt altar of Yredelemnul.
  9285 | D:7      | Noticed Joseph
  9637 | D:7      | Killed Joseph
  9638 | D:7      | Reached skill level 11 in Spellcasting
 10527 | D:8      | Noticed a komodo dragon
 10539 | D:8      | Killed a komodo dragon
 10926 | D:8      | Reached XP level 10. HP: 50/50 MP: 23/27
 11027 | D:8      | Found an ornate altar of the Wu Jian Council.
 11030 | D:8      | Found a broken altar of Ashenzari.
 11030 | D:8      | Found a shadowy altar of Dithmenos.
 11034 | D:8      | Found a hide-covered altar of Uskayaw.
 11551 | D:8      | Found a staircase to the Lair.
 11689 | D:9      | Reached ** piety under Vehumet
 11690 | D:9      | Offered knowledge of Shock by Vehumet.
 11712 | D:9      | Found a flagged portal.
 11729 | D:9      | Reached skill level 11 in Conjurations
 11812 | Bailey   | Entered a bailey
 11812 | Bailey   | Noticed an orc knight
 12648 | Lair:1   | Entered Level 1 of the Lair of Beasts
 12678 | Lair:1   | Noticed a torpor snail
 12707 | Lair:1   | Noticed a cane toad
 12713 | Lair:1   | Killed a cane toad
 12867 | Lair:1   | Noticed a seven-headed hydra
 12879 | Lair:1   | Noticed a cane toad
 12910 | Lair:1   | Killed a cane toad
 13059 | Lair:1   | Reached skill level 11 in Hexes
 13063 | Lair:1   | Killed a torpor snail
 13266 | Lair:1   | Reached XP level 11. HP: 54/54 MP: 27/31
 13361 | Lair:1   | Killed a seven-headed hydra
 13361 | Lair:1   | Offered knowledge of Inner Flame by Vehumet.
 14837 | Lair:2   | Reached skill level 15 in Spellcasting
 15193 | Lair:2   | Reached *** piety under Vehumet
 15735 | Lair:2   | Noticed an eight-headed hydra
 15752 | Lair:2   | Killed an eight-headed hydra
 16305 | Lair:2   | Learned a level 5 spell: Yara's Violent Unravelling
 16309 | Lair:3   | Gained mutation: You are weak. (Str -2) [you]
 16524 | Lair:3   | Noticed a four-headed hydra
 16533 | Lair:3   | Killed a four-headed hydra
 16680 | Lair:3   | Learned a level 1 spell: Apportation
 16707 | Lair:3   | Noticed a boulder beetle
 16856 | Lair:3   | Offered knowledge of Olgreb's Toxic Radiance by Vehumet.
 16988 | Lair:3   | Found a hole to the Spider Nest.
 17142 | Lair:3   | Reached XP level 12. HP: 68/68 MP: 33/33
 17326 | Lair:4   | Noticed a death yak
 17326 | Lair:4   | Noticed a death yak
 17327 | Lair:4   | Noticed a death yak
 17327 | Lair:4   | Noticed a death yak
 17328 | Lair:4   | Noticed a death yak
 17329 | Lair:4   | Noticed a death yak
 17334 | Lair:4   | Killed a death yak
 17335 | Lair:4   | Killed a death yak
 17336 | Lair:4   | Killed a death yak
 17340 | Lair:4   | Killed a death yak
 17347 | Lair:4   | Killed a death yak
 17348 | Lair:4   | Killed a death yak
 17669 | Lair:3   | Noticed a four-headed hydra
 17669 | Lair:3   | a boulder beetle changed into a four-headed hydra
 17678 | Lair:3   | Killed a four-headed hydra
 17727 | Lair:4   | Reached **** piety under Vehumet
 18219 | Lair:4   | Noticed an eight-headed hydra
 18231 | Lair:4   | Noticed Kirke
 18889 | Lair:4   | Offered knowledge of Mephitic Cloud by Vehumet.
 18890 | Lair:4   | Killed Kirke
 18977 | Lair:4   | Killed an eight-headed hydra
 19079 | Lair:4   | Found a staircase to the Shoals.
 19302 | Lair:4   | Reached XP level 13. HP: 64/72 MP: 34/34
 20150 | Lair:4   | Reached skill level 15 in Conjurations
 20528 | Lair:4   | Identified the +2 ring mail of the Tormentor {rCorr}
 20785 | Lair:5   | Found an ancient bone altar of Kikubaaqudgha.
 20935 | Lair:5   | Identified the amulet "Wirhur" {rPois Regen+ Str+4}
 20946 | Lair:5   | Identified the +2 pair of boots of the Butterfly {Will++
                  | Slay-5}
 21193 | Lair:6   | Entered Level 6 of the Lair of Beasts
 21531 | D:10     | Entered Level 10 of the Dungeon
 21848 | D:10     | Reached ***** piety under Vehumet
 21850 | D:10     | Offered knowledge of Bolt of Magma by Vehumet.
 22489 | D:11     | Reached skill level 1 in Fire Magic
 22491 | D:11     | Reached skill level 2 in Fire Magic
 22497 | D:11     | Reached skill level 3 in Fire Magic
 22506 | D:11     | Reached skill level 4 in Fire Magic
 22749 | D:11     | Reached skill level 5 in Fire Magic
 22908 | D:11     | Noticed gregwegmann's ghost (journeyman TrFi)
 22909 | D:11     | Found a runed translucent gate.
 22909 | D:11     | Found a runed translucent gate.
 22909 | D:11     | Found a runed translucent gate.
 23122 | D:11     | Learned a level 5 spell: Bolt of Magma
 23421 | D:11     | Found a staircase to the Orcish Mines.
 23450 | D:11     | Reached skill level 6 in Fire Magic
 23705 | D:11     | Found Posuazu's General Store.
 23877 | D:11     | Noticed a war gargoyle
 23879 | D:11     | Killed a war gargoyle
 23880 | D:11     | Reached skill level 7 in Fire Magic
 23985 | D:11     | Reached skill level 8 in Fire Magic
 24176 | D:11     | Reached XP level 14. HP: 24/78 MP: 31/35
 24223 | D:11     | Killed gregwegmann's ghost
 24491 | D:12     | Reached skill level 9 in Fire Magic
 24789 | D:12     | Offered knowledge of Sticky Flame by Vehumet.
 24843 | D:12     | Reached skill level 10 in Fire Magic
 25605 | D:13     | Noticed Urug
 25614 | D:13     | Killed Urug
 25825 | D:13     | Noticed Erolcha
 25830 | D:13     | Killed Erolcha
 25911 | D:13     | Found a gate to the Vaults.
 25914 | D:13     | Reached skill level 11 in Fire Magic
 26262 | D:13     | Found Xuyled's Weapon Shoppe.
 26343 | D:14     | Found a blossoming altar of Fedhas.
 26591 | D:14     | Noticed Roxanne
 27037 | D:15     | Entered Level 15 of the Dungeon
 27155 | D:15     | Reached skill level 12 in Fire Magic
 27170 | D:15     | Found a burning altar of Makhleb.
 27694 | D:15     | Noticed a stone giant
 27827 | Orc:1    | Entered Level 1 of the Orcish Mines
 27866 | Orc:1    | Reached skill level 13 in Fire Magic
 27882 | Orc:1    | Found a frozen archway.
 27898 | IceCv    | Entered an ice cave
 28345 | IceCv    | Offered knowledge of Ozocubu's Refrigeration by Vehumet.
 28421 | IceCv    | Found an ancient bone altar of Kikubaaqudgha.
 29201 | Orc:1    | Reached skill level 14 in Fire Magic
 29366 | Orc:1    | Found a transporter.
 29417 | Orc:1    | Noticed an orc warlord
 29657 | Orc:1    | Killed an orc warlord
 29758 | Orc:1    | Found a transporter.
 29764 | Orc:1    | Noticed an orc warlord
 29904 | Orc:2    | Entered Level 2 of the Orcish Mines
 29904 | Orc:2    | Found a staircase to the Elven Halls.
 30078 | Orc:2    | Noticed an orc warlord
 30081 | Orc:2    | Reached XP level 15. HP: 82/82 MP: 36/36
 30182 | Orc:2    | Killed an orc warlord
 30681 | Orc:2    | Reached skill level 15 in Fire Magic
 30881 | Orc:2    | Found Taoguokk's Antique Armour Shoppe.
 30928 | Orc:2    | Found an ancient bone altar of Kikubaaqudgha.
 30928 | Orc:2    | Noticed Nergalle
 30933 | Orc:2    | Killed Nergalle
 30958 | Orc:2    | Found Efeisk's Antique Weapon Shoppe.
 30969 | Orc:2    | Reached ****** piety under Vehumet
 30985 | Orc:2    | Found a radiant altar of Vehumet.
 31077 | Orc:2    | Learned a level 7 spell: Ozocubu's Refrigeration
 31106 | Orc:2    | Found Weweer's Distillery.
 31106 | Orc:2    | Found Dijuig Pemn's Jewellery Emporium.
 31713 | Spider:1 | Entered Level 1 of the Spider Nest
 31992 | Elf:1    | Entered Level 1 of the Elven Halls
 32033 | Elf:1    | Offered knowledge of Starburst by Vehumet.
 32044 | Elf:1    | Learned a level 6 spell: Starburst
 32056 | Elf:1    | Found a runed translucent door.
 32056 | Elf:1    | Found a shimmering altar of Xom.
 32056 | Elf:1    | Noticed Fuonemn's ghost (veteran DDBe)
 32124 | Elf:1    | Reached skill level 16 in Fire Magic
 32627 | Elf:1    | HP: 4/82 [deep elf archer/arrow (28)]
 32756 | Elf:1    | Reached skill level 17 in Fire Magic
 32893 | Elf:1    | Found Ufoufupuno's Magic Scroll Boutique.
 32921 | Elf:1    | Bought a scroll of enchant weapon for 112 gold pieces
 32921 | Elf:1    | Bought a scroll of blinking for 112 gold pieces
 32921 | Elf:1    | Bought a scroll of blinking for 112 gold pieces
 32921 | Elf:1    | Bought a scroll of blinking for 112 gold pieces
 33367 | Elf:1    | Found a portal to a secret trove of treasure.
 33465 | Elf:2    | HP: 1/82 [deep elf zephyrmancer/bolt of lightning (34)]
 33656 | Elf:2    | HP: 1/82 [deep elf zephyrmancer/bolt of lightning (16)]
 33656 | Elf:2    | Shot with an arrow by a deep elf archer

Illustrated notes

Levels and vault maps discovered:
D:1:      saegor_arrival_simple_e, layout_basic, serial_bayou_pond_d,
          minmay_misc_feat_chi, minmay_hexomino_r4
D:2:      layout_loops_corners, gammafunk_temple_overflow_statue, uniq_robin
D:3:      layout_basic, minmay_fractal_squares_5
D:4:      layout_loops_corners
D:5:      layout_loops_cross, minmay_temple_entry_arrows, lemuel_blue_sif_altar,
          uniq_pikel
D:6:      minmay_clustersquares, layout_loops_ring,
          chequers_temple_overflow_statue_of_worship
D:7:      layout_loops_ring, yredelemnul_forgotten_temple_becter,
          gammafunk_ghost_arena, minivault_19, uniq_joseph
D:8:      layout_loops_ring, grunt_temple_overflow_open, erik_lair_dragon
D:9:      layout_gridville, enter_bailey_3, hangedman_decor_points
D:10:     layout_cave_pods
D:11:     layout_rooms, zombieorc1_lemuel, serial_curves, eino_curves_04,
          eino_curves_04, serial_shops, shop, gammafunk_ghost_hydra_chop,
          minmay_evil_grid
D:12:     layout_loops_ring
D:13:     layout_roguey, erik_vaults_1, serial_shops, shop, uniq_erolcha,
          uniq_urug
D:14:     layout_roguey, fedhas_altar_2, minivault_25, uniq_roxanne
D:15:     grunt_enter_depths_snipers, layout_rooms, lemuel_round_altar
Temple:   cyrus_circular_temple
Lair:1:   layout_chaotic_city, ldierk_geyser
Lair:2:   statuecave_lemuel, layout_small_grid, nicolae_volcano_entry_lava_flow,
          chequers_serial_rivers_micro_d
Lair:3:   layout_hall_layers, spider_nest_entry_a, serial_bayou_shore_a,
          lemuel_fruit_fields, lemuel_fruit_fields
Lair:4:   layout_layer_cave, elwin_shoals_entry_stream,
          nicolae_quartered_pool_super, minmay_shattered_shrine,
          lemuel_fruit_fields, uniq_kirke
Lair:5:   layout_big_grid, basic_altar, serial_bayou_shore_b
Lair:6:   due_jungle_book, layout_loops_ring, minmay_slime_entry_oklob_enclosed,
          dpeg_oklob_1, lemuel_fruit_fields
Spider:1: layout_spider_delve, drop_trap
Orc:1:    gammafunk_beogh_shrine, layout_caves, portal_ice_cave_entry_ice_beasts
Orc:2:    kennysheep_orc_mage_school, layout_caves, bh_open_orc_temple
Elf:1:    layout_gridlike, ebering_ghost_xom, serial_shops, shop, enter_trove_5,
          kennysheep_underground_church
Elf:2:    layout_onion_city, serial_shops, nicolae_shop_behind_doors,
          nicolae_shop_trees, ebering_dispersal_statue_hall,
          hangedman_elf_simple_split, onia_ninara_cookie

Skill      XL: |  1  2  3  4  5  6  7  8  9 10 11 12 13 14 15 |
---------------+----------------------------------------------+-----
Spellcasting   | 4 5 7 9 11 14 15 | 15.0
Conjurations   | 5 6 8 10 11 12 14 16 | 16.0
Hexes          | 3 4 7 8 9 11 | 11.0
Translocations | 3 4 |  4.0
Fighting       | 5 |  5.0
Evocations     | 9 |  9.0
Fire Magic     | 8 14 17 | 17.5
Dodging        | 5 |  5.0
Stealth        | |  2.4

Action                   |  1- 3 |  4- 6 |  7- 9 | 10-12 | 13-15 || total
-------------------------+-------+-------+-------+-------+-------++-------
Melee: Unarmed           |    12 |       |       |       |       ||    12
       Staff             |       |       |       |       |     6 ||     6
 Cast: Magic Dart        |    61 |    91 |    83 |   161 |    38 ||   434
       Searing Ray       |     5 |    17 |    38 |    59 |    33 ||   152
       Fulminant Prism   |       |       |    17 |    66 |    26 ||   109
       Iskenderun's Myst |       |       |     1 |    51 |   100 ||   152
       Yara's Violent Un |       |       |       |     1 |       ||     1
       Bolt of Magma     |       |       |       |       |   375 ||   375
       Starburst         |       |       |       |       |     5 ||     5
Evoke: Wand              |       |       |     2 |     3 |    10 ||    15
  Use: Scroll            |       |     5 |     5 |    12 |    19 ||    41
       Potion            |       |     1 |     1 |       |     4 ||     6
Armor: Robe              |     8 |     2 |    10 |     8 |    26 ||    54
       Steam dragon scal |       |       |       |       |    23 ||    23
Dodge: Dodged            |    20 |     5 |    66 |    94 |   175 ||   360

Table legend: (Time is in decaauts)
 A = Elapsed time spent in this place.
 B = Non-inter-level travel time spent in this place.
 C = Inter-level travel time spent in this place.
 D = Time resting spent in this place.
 E = Time spent auto-exploring this place.
 F = Levels seen in this place.
 G = Mean time per level.
                   A        B        C        D        E       F      G
               +--------+--------+--------+--------+--------+-----+--------+
         Total |  33771 |  31132 |   2639 |   8418 |  18248 |  29 | 1164.5 |
       Dungeon |  19898 |  18122 |   1776 |   4474 |  11470 |  15 | 1326.5 |
        Temple |     66 |     45 |     21 |      0 |     44 |   1 |   66.0 |
          Lair |   8470 |   7818 |    652 |   2845 |   3837 |   6 | 1411.7 |
   Spider Nest |      6 |      5 |      1 |      0 |      0 |   1 |    6.0 |
  Orcish Mines |   2585 |   2415 |    170 |    368 |   1535 |   2 | 1292.5 |
   Elven Halls |   1567 |   1550 |     17 |    367 |    836 |   2 |  783.5 |
        Bailey |      2 |      2 |      0 |      0 |      0 |   1 |    2.0 |
      Ice Cave |   1174 |   1174 |      0 |    363 |    525 |   1 | 1174.0 |
               +--------+--------+--------+--------+--------+-----+--------+

Top non-repeatable levels by time:
     D:6: 2535 daAuts
  Lair:4: 2290 daAuts
  Lair:3: 2087 daAuts
  Lair:2: 1814 daAuts
    D:11: 1762 daAuts
     D:8: 1743 daAuts
     D:2: 1639 daAuts
  Lair:1: 1635 daAuts
   Orc:2: 1500 daAuts
     D:5: 1498 daAuts
   Elf:1: 1486 daAuts
     D:7: 1441 daAuts
     D:1: 1242 daAuts
    D:10: 1235 daAuts
     D:4: 1224 daAuts
